 Dungeon Crawl Stone Soup version 0.26.0-10-g1f06aea511 (webtiles) character file.

Game seed: 1190663356049390085

3073 Amaterasu the Cleaver (level 9, -17/71 HPs)
             Began as a Demonspawn Fighter on Feb 1, 2021.
             Was an Elder of Makhleb.
             Killed from afar by Erica (26 damage)
             ... with a lance of force
             ... on level 8 of the Dungeon.
             The game lasted 00:11:21 (7573 turns).

Amaterasu the Cleaver (Demonspawn Fighter)          Turns: 7573, Time: 00:11:22

Health: -17/71     AC: 12    Str: 20    XL:     9   Next: 58%
Magic:  3/3        EV:  7    Int:  9    God:    Makhleb [****..]
Gold:   540        SH: 19    Dex: 13    Spells: 8/8 levels left

rFire    . . .     SeeInvis .   y - +2 broad axe (antimagic)
rCold    . . .     Faith    .   c - +1 kite shield
rNeg     . . .     Spirit   .   z - +0 chain mail
rPois    .         Reflect  .   e - +0 helmet
rElec    .         Harm     .   (no cloak)
rCorr    +         Rampage  .   q - +0 pair of gloves
Will     .....                  (no boots)
Stlth    ..........             f - amulet of the acrobat
HPRegen  0.21/turn              (no ring)
MPRegen  0.08/turn              o - ring of resist corrosion

@: lethally poisoned (-17 -> -29)
A: large bone plates 3, powered by pain 1, miasma immunity
a: Renounce Religion, Minor Destruction, Lesser Servant of Makhleb, Major
Destruction


You were on level 8 of the Dungeon.
You worshipped Makhleb.
Makhleb was greatly pleased with you.
You visited 1 branch of the dungeon, and saw 8 of its levels.
You also visited: Sewer and Ossuary.

You collected 540 gold pieces.

Inventory:

Hand Weapons
 y - a +2 antimagic broad axe (weapon)
Armour
 c - a +1 kite shield (worn)
 e - a +0 helmet (worn)
 q - a +0 pair of gloves (worn)
 z - a +0 chain mail (worn)
Jewellery
 a - an uncursed ring of willpower {unknown}
 d - an uncursed amulet of magic regeneration {unknown}
 f - an amulet of the acrobat (around neck)
 o - a ring of resist corrosion (right hand)
Scrolls
 i - 3 scrolls of amnesia
 k - 8 scrolls of teleportation
 p - 3 scrolls of remove curse
 A - a scroll of magic mapping
Potions
 b - a potion of ambrosia {unknown}
 g - 4 potions of heal wounds
 h - 11 potions of flight
 j - 4 potions of lignification
 l - 4 potions of curing
 m - 2 potions of cancellation {unknown}
 n - 5 potions of invisibility
 r - 2 potions of brilliance {unknown}
 s - 2 potions of mutation {unknown}
 t - a potion of berserk rage {unknown}
 u - a potion of resistance
 v - 2 potions of haste {unknown}
 w - 3 potions of attraction {unknown}
 x - a potion of magic {unknown}


   Skills:
 * Level 6.4 Fighting
 * Level 8.8 Axes
 * Level 4.6 Armour
 - Level 3.0 Dodging
 - Level 5.0 Shields
 * Level 3.5 Invocations


You had 8 spell levels left.
You didn't know any spells.
Your spell library contained the following spells:

 Spells                   Type           Power        Failure   Level
 Animate Skeleton         Necr           0%           100%        1
 Beastly Appendage        Tmut           0%           100%        1
 Magic Dart               Conj           0%           100%        1
 Searing Ray              Conj           0%           100%        2
 Wereblood                Tmut           0%           100%        2
 Dazzling Flash           Conj/Hex       0%           100%        3
 Spider Form              Tmut/Pois      0%           100%        3
 Fulminant Prism          Conj/Hex       0%           100%        4
 Ice Form                 Ice/Tmut       0%           100%        4
 Iskenderun's Mystic Bla  Conj/Tloc      0%           100%        4
 Blade Hands              Tmut           0%           100%        5


Dungeon Overview and Level Annotations

Branches:
Dungeon (8/15)             Temple (0/1) D:5           Sewer (visited)
Ossuary (visited)
   Lair: D:8-11

Altars:
Fedhas
Hepliaklqana
Kikubaaqudgha
Makhleb
Ru
Sif Muna
Trog
Vehumet
Zin
The Shining One

Annotations:
D:3 funkygono's ghost, amateur DrCj
D:8 Erica


Innate Abilities, Weirdness & Mutations

You are completely covered in large bone plates. (SH +8)
You sometimes gain a little power by taking damage.
You are immune to miasma.


Message History

The bolt of poison hits you!!
You are more poisoned.
You barely miss something.
You feel very sick. Something hits you.
* * * LOW HITPOINT WARNING * * *
Something burns you.
* * * LOW HITPOINT WARNING * * *
You miss something.
You feel sick. Something hits you but does no damage. Something hits you.
* * * LOW HITPOINT WARNING * * *
Something burns you.
* * * LOW HITPOINT WARNING * * *
You hit something but do no damage.
* * * LOW HITPOINT WARNING * * *
You feel sick.
You hear some strange, mumbled words.
A lance of force appears from out of thin air!
The lance of force hits you!!
You die...

....##.######
..####.....<# ..#
######.# ..## #.# #
...#### #.####.#
..)..)#####.#...
###.#....##.#.# #
#...........########..
#
####..........@{.....#
#............######
............###...#
####.........# ##....
#........... .##.#
#...........# . .
#........##.. #
.....#####


There were no monsters in sight!

Vanquished Creatures
  A two-headed ogre (D:8)
  Menkaure (D:7)
  A sky beast (D:7)
  An ice beast (D:6)
  An ogre (D:4)
  2 phantoms
  2 bullfrogs
  A water moccasin zombie (Ossuary)
  2 scorpions
  2 water moccasin skeletons
  2 centaur zombies (Ossuary)
  A hound (D:7)
  4 quasits (D:3)
  2 bullfrog skeletons
  2 jellies
  4 bullfrog zombies
  An orc priest (D:7)
  19 mummies (Ossuary)
  A centaur skeleton (D:3)
  Natasha (twice) (D:2)
  3 orc wizards
  An iguana (D:4)
  A worker ant (D:8)
  A hound zombie (Ossuary)
  A hound skeleton (D:4)
  A howler monkey zombie (Ossuary)
  2 worker ant zombies (Ossuary)
  Robin (D:3)
  10 adders
  8 gnolls
  2 shadow imps
  A white imp (D:7)
  An ufetubus (D:5)
  2 oozes
  2 adder zombies (Ossuary)
  A worm (D:2)
  3 dart slugs
  10 leopard geckos
  10 orcs
  14 bats
  8 giant cockroaches
  17 goblins
  8 hobgoblins
  8 jackals
  6 kobolds
  4 quokkas
  5 ball pythons
  3 frilled lizards
  A leopard gecko skeleton (D:7)
  2 leopard gecko zombies
  A quokka skeleton (D:5)
  A quokka zombie (D:7)
  8 rats
199 creatures vanquished.

Vanquished Creatures (others)
  A plant (D:1)
  4 withered plants (Ossuary)
5 creatures vanquished.

Grand Total: 204 creatures vanquished

Notes
Turn   | Place    | Note
-------+----------+-------------------------------------------
     0 | D:1      | Amaterasu the Demonspawn Fighter began the quest for the
                  | Orb.
     0 | D:1      | Reached XP level 1. HP: 18/18 MP: 1/1
   119 | D:1      | Gained mutation: You sometimes gain a little power by
                  | taking damage. [demonic ancestry]
   119 | D:1      | Reached XP level 2. HP: 24/24 MP: 2/2
   235 | D:1      | Reached skill level 2 in Axes
   508 | D:1      | Gained mutation: You are immune to miasma. [demonic
                  | ancestry]
   508 | D:1      | Reached XP level 3. HP: 13/30 MP: 3/3
  1273 | D:2      | Reached XP level 4. HP: 37/38 MP: 4/4
  1584 | D:2      | Found a glowing golden altar of the Shining One.
  1586 | D:2      | Found a burning altar of Makhleb.
  1586 | D:2      | Found a hazy altar of Hepliaklqana.
  1598 | D:2      | Became a worshipper of Makhleb the Destroyer
  1647 | D:2      | Reached skill level 3 in Axes
  1779 | D:2      | Noticed Natasha
  1783 | D:2      | Killed Natasha
  2008 | D:2      | Noticed Natasha
  2019 | D:2      | Killed Natasha
  2020 | D:2      | Reached XP level 5. HP: 30/43 MP: 5/5
  2203 | D:3      | Noticed funkygono's ghost (amateur DrCj)
  2204 | D:3      | Noticed Robin
  2218 | D:3      | Killed Robin
  2377 | D:3      | Reached * piety under Makhleb
  2419 | D:3      | Reached skill level 5 in Fighting
  2419 | D:3      | Reached skill level 4 in Axes
  2560 | D:3      | Found a transporter.
  2853 | D:3      | Found a transporter.
  2908 | D:3      | Gained mutation: You are partially covered in large bone
                  | plates. (SH +4) [demonic ancestry]
  2908 | D:3      | Reached XP level 6. HP: 39/51 MP: 6/6
  2919 | D:3      | Reached skill level 5 in Axes
  3232 | D:4      | Found a glowing drain.
  3249 | Sewer    | Entered a sewer
  3253 | Sewer    | Reached ** piety under Makhleb
  3884 | D:4      | Reached XP level 7. HP: 33/56 MP: 7/7
  3887 | D:4      | Reached skill level 1 in Dodging
  3905 | D:4      | Found an ancient bone altar of Kikubaaqudgha.
  4037 | D:4      | Found a shimmering blue altar of Sif Muna.
  4038 | D:4      | Found a radiant altar of Vehumet.
  4040 | D:4      | Identified Kikubaaqudgha's Disquisition on Sinister Rites
  4122 | D:4      | Found a blossoming altar of Fedhas.
  4211 | D:5      | Entered Level 5 of the Dungeon
  4269 | D:5      | You fall into a shaft and drop 1 floor!
  4286 | D:6      | Found a sand-covered staircase.
  4313 | Ossuary  | Entered an ossuary
  4322 | Ossuary  | Reached skill level 6 in Axes
  4331 | Ossuary  | Reached *** piety under Makhleb
  4334 | Ossuary  | HP: 2/56 [mummy (15)]
  4445 | Ossuary  | Gained mutation: You are mostly covered in large bone
                  | plates. (SH +6) [demonic ancestry]
  4445 | Ossuary  | Reached XP level 8. HP: 39/63 MP: 8/8
  4969 | Ossuary  | Reached skill level 7 in Axes
  5262 | D:5      | Found a sacrificial altar of Ru.
  5365 | D:5      | Reached **** piety under Makhleb
  5460 | D:5      | Found a staircase to the Ecumenical Temple.
  5488 | D:5      | Found a bloodstained altar of Trog.
  5991 | D:6      | Reached skill level 1 in Invocations
  6159 | D:6      | Found a glowing silver altar of Zin.
  6258 | D:6      | Found a glowing golden altar of the Shining One.
  6315 | D:6      | Identified a scroll of acquirement
  6315 | D:6      | Acquired a +1 antimagic broad axe
  6559 | D:7      | Gained mutation: You are completely covered in large bone
                  | plates. (SH +8) [demonic ancestry]
  6559 | D:7      | Reached XP level 9. HP: 68/69 MP: 3/10
  6806 | D:7      | Reached skill level 5 in Shields
  6812 | D:7      | Noticed Menkaure
  6820 | D:7      | Killed Menkaure
  7414 | D:8      | Reached skill level 8 in Axes
  7478 | D:8      | Noticed a two-headed ogre
  7487 | D:8      | Killed a two-headed ogre
  7562 | D:8      | Noticed Erica
  7573 | D:8      | Killed from afar by Erica

Illustrated notes

Levels and vault maps discovered:
D:1:      eino_arrival_water_cross, layout_loops_corners,
          minmay_shallow_snake_nest
D:2:      layout_loops_ring, grunt_temple_overflow_open, uniq_natasha
D:3:      layout_loops_ring, gammafunk_ghost_stat_death, dk_noncrumbling_3,
          uniq_robin
D:4:      layout_basic, grunt_temple_overflow_magic_moments,
          gup_sewer_entry_pipe, fedhas_altar_fruit_tree
D:5:      layout_loops_cross, minmay_temple_entry_arrows, basic_altar,
          bloody_trog
D:6:      layout_loops_cross, old_standard_altar,
          lightli_ossuary_entry_decrepit_ruins, basic_altar
D:7:      layout_layer_cave, st_stairs_1, uniq_menkaure
D:8:      layout_rooms, marbit_many_paths, uniq_erica

Skill      XL: |  1  2  3  4  5  6  7  8  9 |
---------------+----------------------------+-----
Axes           | 2 3 4 5 6 7 8 |  8.8
Fighting       | 4 5 6 |  6.4
Shields        | 3 4 5 |  5.0
Armour         | 3 4 |  4.6
Dodging        | 1 2 3 |  3.0
Invocations    | 1 3 |  3.5

Action                   |  1- 3 |  4- 6 |  7- 9 || total
-------------------------+-------+-------+-------++-------
Melee: War axe           |    88 |   267 |   303 ||   658
       Broad axe         |       |       |    92 ||    92
  Use: Scroll            |     3 |     9 |     8 ||    20
       Potion            |       |     1 |     2 ||     3
Armor: Scale mail        |    47 |   148 |    50 ||   245
       Chain mail        |       |       |    31 ||    31
Dodge: Dodged            |    28 |   104 |    83 ||   215
Block: Kite shield       |    45 |   227 |   279 ||   551
